TOP OF THE 1ST |
Beaumont Crossbeaus batting - Pitching for Northwest Territory Beavers : RHP John Farmer
|
Pitching: RHP John Farmer
|
|
Batting: SHB Nathan Dooley
|
0-0: Called Strike 0-1: Ball 1-1: Fly out, F9 (Line Drive, 9S, EV 110.6 MPH)
|
Batting: RHB Félix Morán
|
0-0: Ball 1-0: Foul Ball, location: 2F 1-1: Called Strike 1-2: Strikes out swinging
|
Batting: RHB Henry White
|
0-0: Swinging Strike 0-1: Ball 1-1: Called Strike 1-2: Strikes out swinging
|
Top of the 1st over - 0 runs, 0 hits, 0 errors, 0 left on base; Beaumont 0 - Northwest Territory 0 |
BOTTOM OF THE 1ST |
Northwest Territory Beavers batting - Pitching for Beaumont Crossbeaus : RHP Hidetada Hasegawa
|
Pitching: RHP Hidetada Hasegawa
|
|
Batting: RHB Jerry Jaramillo
|
0-0: Ball 1-0: Foul Ball, location: 2F 1-1: SINGLE (Line Drive, 56D, EV 100.0 MPH)
|
Batting: RHB Clint Zúñiga
|
0-0: Ground out 6-3 (Groundball, 6S, EV 63.8 MPH) Jerry Jaramillo to second
|
Batting: LHB Daniel Webster
|
0-0: Ball 1-0: Swinging Strike 1-1: Ball 2-1: Called Strike 2-2: Foul Ball, location: 2F 2-2: SINGLE (Line Drive, 56D, EV 99.4 MPH) Jerry Jaramillo to third
|
Batting: RHB Harlan Lee
|
0-0: Ball 1-0: Called Strike 1-1: Ball Daniel Webster is caught stealing 2nd base 2-4 2-1: Foul Ball, location: 2F 2-2: Foul Ball, location: 2F 2-2: Foul Ball, location: 2F 2-2: Ball 3-2: SINGLE (Line Drive, 6M, EV 105.0 MPH) Jerry Jaramillo scores
|
Batting: RHB Jeremy Tribe
|
0-0: Fly out, F9 (Flyball, 9LM, EV 90.6 MPH)
|
Bottom of the 1st over - 1 run, 3 hits, 0 errors, 1 left on base; Beaumont 0 - Northwest Territory 1 |
TOP OF THE 2ND |
Beaumont Crossbeaus batting - Pitching for Northwest Territory Beavers : RHP John Farmer
|
Batting: SHB Jean-Christophe Martin
|
0-0: Ball 1-0: Called Strike 1-1: SINGLE (Groundball, 4D, EV 97.5 MPH)
|
Batting: LHB Calvin Groenendijk
|
0-0: Ball 1-0: Ball 2-0: Fly out, F8 (Flyball, 78M, EV 91.2 MPH)
|
Batting: RHB William Vader
|
0-0: Fly out, F9 (Flyball, 89S, EV 91.2 MPH)
|
Batting: LHB Avijit Chetan
|
0-0: Ball 1-0: Foul Ball, location: 2F 1-1: Fly out, F7 (Flyball, 78D, EV 100.6 MPH)
|
Top of the 2nd over - 0 runs, 1 hit, 0 errors, 1 left on base; Beaumont 0 - Northwest Territory 1 |
BOTTOM OF THE 2ND |
Northwest Territory Beavers batting - Pitching for Beaumont Crossbeaus : RHP Hidetada Hasegawa
|
Batting: LHB Bobby Landry
|
0-0: Swinging Strike 0-1: Ball 1-1: Ball 2-1: Called Strike 2-2: Fly out, F9 (Flyball, 9D, EV 100.6 MPH)
|
Batting: RHB Yu-eh Tann
|
0-0: Foul Ball, location: 2F 0-1: Foul Ball, location: 2F 0-2: Hit by Pitch
|
Batting: RHB Mariano Estrada
|
Pickoff Throw to First - Out! 1-3 CS 0-0: Called Strike 0-1: SINGLE (Line Drive, 9S, EV 103.8 MPH)
|
Batting: RHB Sjaak Lagerveld
|
0-0: Ball 1-0: Called Strike 1-1: Fly out, F8 (Flyball, 78D, EV 83.1 MPH)
|
Bottom of the 2nd over - 0 runs, 1 hit, 0 errors, 1 left on base; Beaumont 0 - Northwest Territory 1 |
TOP OF THE 3RD |
Beaumont Crossbeaus batting - Pitching for Northwest Territory Beavers : RHP John Farmer
|
Batting: RHB Hidetada Hasegawa
|
0-0: Called Strike 0-1: Ball 1-1: Ball 2-1: Called Strike 2-2: Foul Ball, location: 2F 2-2: Ball 3-2: Base on Balls
|
Batting: RHB Montes Averlino
|
0-0: Called Strike 0-1: Foul Ball, location: 2F 0-2: Ball 1-2: Strikes out swinging
|
Batting: SHB Nathan Dooley
|
0-0: Ball 1-0: Grounds into double play, 4-6-3 (Groundball, 4S, EV 80.6 MPH)
|
Top of the 3rd over - 0 runs, 0 hits, 0 errors, 0 left on base; Beaumont 0 - Northwest Territory 1 |
BOTTOM OF THE 3RD |
Northwest Territory Beavers batting - Pitching for Beaumont Crossbeaus : RHP Hidetada Hasegawa
|
Batting: RHB Jerry Jaramillo
|
0-0: Ball 1-0: Swinging Strike 1-1: Ball 2-1: Fly out, F8 (Flyball, 8LD, EV 96.2 MPH)
|
Batting: RHB Clint Zúñiga
|
0-0: Ball 1-0: Ball 2-0: Ball 3-0: Called Strike 3-1: Swinging Strike 3-2: Foul Ball, location: 2F 3-2: Foul Ball, location: 2F 3-2: Base on Balls
|
Batting: LHB Daniel Webster
|
0-0: Fly out, F9 (Line Drive, 9D, EV 96.9 MPH)
|
Batting: RHB Harlan Lee
|
0-0: Ball 1-0: Swinging Strike 1-1: Foul Ball, location: 2F 1-2: Ball 2-2: Ball 3-2: Foul Ball, location: 2F 3-2: Foul Ball, location: 2F 3-2: Base on Balls Clint Zúñiga to second
|
Batting: RHB Jeremy Tribe
|
0-0: Foul Ball, location: 2F 0-1: Called Strike 0-2: Hit by Pitch Clint Zúñiga to third Harlan Lee to second
|
Batting: LHB Bobby Landry
|
0-0: Foul Ball, location: 2F 0-1: Ball 1-1: Ground out 3-1 (Groundball, 34S, EV 85.6 MPH)
|
Bottom of the 3rd over - 0 runs, 0 hits, 0 errors, 3 left on base; Beaumont 0 - Northwest Territory 1 |
TOP OF THE 4TH |
Beaumont Crossbeaus batting - Pitching for Northwest Territory Beavers : RHP John Farmer
|
Batting: RHB Félix Morán
|
0-0: Ball 1-0: Foul Ball, location: 2F 1-1: Fly out, F9 (Flyball, 89XD, EV 83.1 MPH)
|
Batting: RHB Henry White
|
0-0: Swinging Strike 0-1: Ball 1-1: Fly out, F9 (Flyball, 9LM, EV 85.6 MPH)
|
Batting: SHB Jean-Christophe Martin
|
0-0: Ball 1-0: Ball 2-0: Called Strike 2-1: Fly out, F4 (Popup, 4MD, EV 48.8 MPH)
|
Top of the 4th over - 0 runs, 0 hits, 0 errors, 0 left on base; Beaumont 0 - Northwest Territory 1 |
BOTTOM OF THE 4TH |
Northwest Territory Beavers batting - Pitching for Beaumont Crossbeaus : RHP Hidetada Hasegawa
|
Batting: RHB Yu-eh Tann
|
0-0: Ball 1-0: Ball 2-0: Swinging Strike 2-1: Ball 3-1: Foul Ball, location: 2F 3-2: Base on Balls
|
Batting: RHB Mariano Estrada
|
0-0: Ball 1-0: Reached on error, E1 (Groundball, 13, EV 71.9 MPH) Yu-eh Tann to second
|
Batting: RHB Sjaak Lagerveld
|
0-0: Called Strike 0-1: Foul Ball, location: 2F 0-2: Foul Ball, location: 2F 0-2: Ball 1-2: Strikes out swinging
|
Batting: RHB Jerry Jaramillo
|
0-0: Ball 1-0: Called Strike 1-1: Fly out, F8 (Line Drive, 8LD, EV 86.2 MPH)
|
Batting: RHB Clint Zúñiga
|
0-0: Ball 1-0: Foul Ball, location: 2F 1-1: Fielders Choice at 2nd, 6-4 (Groundball, 6, EV 103.8 MPH)
|
Bottom of the 4th over - 0 runs, 0 hits, 1 error, 2 left on base; Beaumont 0 - Northwest Territory 1 |
TOP OF THE 5TH |
Beaumont Crossbeaus batting - Pitching for Northwest Territory Beavers : RHP John Farmer
|
Batting: LHB Calvin Groenendijk
|
0-0: Called Strike 0-1: Foul Ball, location: 2F 0-2: Ball 1-2: Ball 2-2: Ball 3-2: Base on Balls
|
Batting: RHB William Vader
|
0-0: Foul Ball, location: 2F 0-1: Foul Ball, location: 2F 0-2: Ball 1-2: Strikes out swinging
|
Batting: LHB Avijit Chetan
|
0-0: Called Strike 0-1: Foul Ball, location: 2F 0-2: Ball 1-2: Strikes out swinging
|
Batting: RHB Hidetada Hasegawa
|
0-0: Foul Ball, location: 2F 0-1: Ball 1-1: Ball 2-1: Foul Ball, location: 2F 2-2: Ball 3-2: Base on Balls Calvin Groenendijk to second
|
Batting: RHB Montes Averlino
|
0-0: Swinging Strike 0-1: Fly out, F8 (Flyball, 78D, EV 89.4 MPH)
|
Top of the 5th over - 0 runs, 0 hits, 0 errors, 2 left on base; Beaumont 0 - Northwest Territory 1 |
BOTTOM OF THE 5TH |
Northwest Territory Beavers batting - Pitching for Beaumont Crossbeaus : RHP Hidetada Hasegawa
|
Batting: LHB Daniel Webster
|
0-0: Called Strike 0-1: Foul Ball, location: 2F 0-2: Strikes out swinging
|
Batting: RHB Harlan Lee
|
0-0: Ball 1-0: Called Strike 1-1: Ball 2-1: Ball 3-1: Base on Balls
|
Batting: RHB Jeremy Tribe
|
0-0: Foul Ball, location: 2F 0-1: SINGLE (Line Drive, 56D, EV 95.0 MPH) Harlan Lee to second
|
Batting: LHB Bobby Landry
|
0-0: Ball 1-0: Ball 2-0: Ball 3-0: Base on Balls Harlan Lee to third Jeremy Tribe to second
|
Batting: RHB Yu-eh Tann
|
0-0: Foul Ball, location: 2F 0-1: Swinging Strike 0-2: Foul Ball, location: 2F 0-2: Ball 1-2: Grounds into double play, 3-6-1 (Groundball, 34, EV 77.5 MPH)
|
Bottom of the 5th over - 0 runs, 1 hit, 0 errors, 2 left on base; Beaumont 0 - Northwest Territory 1 |
TOP OF THE 6TH |
Beaumont Crossbeaus batting - Pitching for Northwest Territory Beavers : RHP John Farmer
|
Pinch Hitting: LHB Vincent Nornabell
|
0-0: Ball 1-0: Ball 2-0: SINGLE (Line Drive, 89S, EV 108.8 MPH)
|
Batting: RHB Félix Morán
|
0-0: Foul Ball, location: 2F 0-1: Ball 1-1: Foul Ball, location: 2F 1-2: Ball 2-2: Strikes out swinging
|
Batting: RHB Henry White
|
0-0: Swinging Strike 0-1: Ball 1-1: Called Strike 1-2: Fly out, F8 (Flyball, 89M, EV 83.8 MPH)
|
Batting: SHB Jean-Christophe Martin
|
0-0: Foul Ball, location: 2F 0-1: Ball 1-1: Foul Ball, location: 2F 1-2: Strikes out looking
|
Top of the 6th over - 0 runs, 1 hit, 0 errors, 1 left on base; Beaumont 0 - Northwest Territory 1 |
BOTTOM OF THE 6TH |
Northwest Territory Beavers batting - Pitching for Beaumont Crossbeaus : RHP Hidetada Hasegawa
|
Pitching: RHP Everton Batty
|
|
Now in LF: Vincent Nornabell
|
|
Now in CF: William Vader
|
|
Batting: RHB Mariano Estrada
|
0-0: Swinging Strike 0-1: Ball 1-1: Foul Ball, location: 2F 1-2: Strikes out swinging
|
Batting: RHB Sjaak Lagerveld
|
0-0: Ball 1-0: Ball 2-0: Ground out 5-3 (Groundball, 5, EV 85.6 MPH)
|
Batting: RHB Jerry Jaramillo
|
0-0: SOLO HOME RUN (Flyball, 7D, EV 100.0 MPH), Distance : 363 ft
|
Batting: RHB Clint Zúñiga
|
0-0: Called Strike 0-1: Ball 1-1: Swinging Strike 1-2: Ball 2-2: SINGLE (Line Drive, 6MD, EV 100.6 MPH)
|
Batting: LHB Daniel Webster
|
0-0: Called Strike 0-1: Ball 1-1: Foul Ball, location: 5F, Error on foul ball, E5 1-2: Ground out 6-3 (Groundball, 6S, EV 94.4 MPH)
|
Bottom of the 6th over - 1 run, 2 hits, 1 error, 1 left on base; Beaumont 0 - Northwest Territory 2 |
TOP OF THE 7TH |
Beaumont Crossbeaus batting - Pitching for Northwest Territory Beavers : RHP John Farmer
|
Batting: LHB Calvin Groenendijk
|
0-0: Ball 1-0: Ball 2-0: Ball 3-0: Called Strike 3-1: Swinging Strike 3-2: Strikes out swinging
|
Batting: RHB William Vader
|
0-0: Called Strike 0-1: Ball 1-1: Ball 2-1: Foul Ball, location: 2F 2-2: Strikes out swinging
|
Batting: LHB Avijit Chetan
|
0-0: Foul Ball, location: 2F 0-1: Swinging Strike 0-2: Foul Ball, location: 2F 0-2: Foul Ball, location: 2F 0-2: Fly out, F9 (Flyball, 9LS, EV 90.0 MPH)
|
Top of the 7th over - 0 runs, 0 hits, 0 errors, 0 left on base; Beaumont 0 - Northwest Territory 2 |
BOTTOM OF THE 7TH |
Northwest Territory Beavers batting - Pitching for Beaumont Crossbeaus : RHP Everton Batty
|
Batting: RHB Harlan Lee
|
0-0: Ground out 6-3 (Groundball, 56, EV 103.1 MPH)
|
Batting: RHB Jeremy Tribe
|
0-0: Called Strike 0-1: Ball 1-1: Swinging Strike 1-2: Fly out, F8 (Flyball, 8LM, EV 92.5 MPH)
|
Batting: LHB Bobby Landry
|
0-0: Called Strike 0-1: Called Strike 0-2: Strikes out swinging
|
Bottom of the 7th over - 0 runs, 0 hits, 0 errors, 0 left on base; Beaumont 0 - Northwest Territory 2 |
TOP OF THE 8TH |
Beaumont Crossbeaus batting - Pitching for Northwest Territory Beavers : RHP John Farmer
|
Batting: LHB Brad Murdoch
|
0-0: Fly out, F8 (Flyball, 8LD, EV 84.4 MPH)
|
Pinch Hitting: RHB Todd Morse
|
0-0: Ball 1-0: Swinging Strike 1-1: Hit by Pitch
|
Pitching: LHP Paul Scott
|
|
Batting: LHB Vincent Nornabell
|
0-0: Foul Ball, location: 2F 0-1: Ball 1-1: Ball 2-1: Ball 3-1: 2-RUN HOME RUN (Flyball, 9D, EV 105.0 MPH), Distance : 399 ft
|
Batting: RHB Félix Morán
|
0-0: Fly out, F9 (Flyball, 89D, EV 87.5 MPH)
|
Batting: RHB Henry White
|
0-0: Fly out, F9 (Flyball, 89M, EV 89.4 MPH)
|
Top of the 8th over - 2 runs, 1 hit, 0 errors, 0 left on base; Beaumont 2 - Northwest Territory 2 |
BOTTOM OF THE 8TH |
Northwest Territory Beavers batting - Pitching for Beaumont Crossbeaus : RHP Everton Batty
|
Now at 1B: Keizo Kato
|
|
Pinch Hitting: RHB Mende Barahona
|
0-0: Foul Ball, location: 2F 0-1: Called Strike 0-2: Ball 1-2: Ball 2-2: Ground out 5-3 (Groundball, 56S, EV 67.5 MPH)
|
Batting: RHB Mariano Estrada
|
0-0: Ball 1-0: Called Strike 1-1: Ball 2-1: Swinging Strike 2-2: Foul Ball, location: 2F 2-2: Foul Ball, location: 2F 2-2: Ground out 4-3 (Groundball, 34, EV 98.8 MPH)
|
Pitching: LHP Felipe Cervantes
|
|
Batting: RHB Sjaak Lagerveld
|
0-0: Ball 1-0: Called Strike 1-1: Swinging Strike 1-2: Foul Ball, location: 2F 1-2: Ball 2-2: Strikes out swinging
|
Bottom of the 8th over - 0 runs, 0 hits, 0 errors, 0 left on base; Beaumont 2 - Northwest Territory 2 |
TOP OF THE 9TH |
Beaumont Crossbeaus batting - Pitching for Northwest Territory Beavers : LHP Paul Scott
|
Now at SS: Honesto Almodovar
|
|
Batting: SHB Jean-Christophe Martin
|
0-0: Ball 1-0: Called Strike 1-1: Ball 2-1: Ball 3-1: Ground out 6-3 (Groundball, 6, EV 84.4 MPH)
|
Pinch Hitting: SHB Mario Melara
|
0-0: Fly out, F8 (Flyball, 8RD, EV 81.2 MPH)
|
Batting: RHB William Vader
|
0-0: Foul Ball, location: 2F 0-1: Called Strike 0-2: Ball 1-2: Strikes out swinging
|
Top of the 9th over - 0 runs, 0 hits, 0 errors, 0 left on base; Beaumont 2 - Northwest Territory 2 |
BOTTOM OF THE 9TH |
Northwest Territory Beavers batting - Pitching for Beaumont Crossbeaus : LHP Felipe Cervantes
|
Now in LF: Jesús Guzmán
|
|
Now in RF: Vincent Nornabell
|
|
Batting: RHB Jerry Jaramillo
|
0-0: Ball 1-0: Called Strike 1-1: Swinging Strike 1-2: Ground out 5-3 (Groundball, 56S, EV 80.6 MPH)
|
Batting: RHB Clint Zúñiga
|
0-0: Called Strike 0-1: Swinging Strike 0-2: Ball 1-2: Strikes out swinging
|
Batting: LHB Daniel Webster
|
0-0: Fly out, F8 (Flyball, 8LXD, EV 100.6 MPH)
|
Bottom of the 9th over - 0 runs, 0 hits, 0 errors, 0 left on base; Beaumont 2 - Northwest Territory 2 |
TOP OF THE 10TH |
Beaumont Crossbeaus batting - Pitching for Northwest Territory Beavers : LHP Paul Scott
|
Pinch Hitting: RHB Dwight Voermans
|
0-0: Called Strike 0-1: Ball 1-1: Swinging Strike 1-2: Foul Ball, location: 2F 1-2: Ball 2-2: Foul Ball, location: 2F 2-2: Foul Ball, location: 2F 2-2: Ground out U3 (Groundball, 34S, EV 86.9 MPH)
|
Batting: LHB Brad Murdoch
|
0-0: Ball 1-0: Swinging Strike 1-1: Swinging Strike 1-2: Hit by Pitch
|
Batting: SHB Keizo Kato
|
0-0: Ball 1-0: Ball 2-0: Swinging Strike 2-1: Called Strike 2-2: Ball 3-2: Strikes out swinging
|
Batting: LHB Vincent Nornabell
|
0-0: Swinging Strike 0-1: Called Strike 0-2: Ball 1-2: Strikes out looking
|
Top of the 10th over - 0 runs, 0 hits, 0 errors, 1 left on base; Beaumont 2 - Northwest Territory 2 |
BOTTOM OF THE 10TH |
Northwest Territory Beavers batting - Pitching for Beaumont Crossbeaus : LHP Felipe Cervantes
|
Pitching: LHP Fernando Estrada
|
|
Now at 2B: Harold Chenoweth
|
|
Batting: RHB Harlan Lee
|
0-0: Ball 1-0: Swinging Strike 1-1: Foul Ball, location: 2F 1-2: Ball 2-2: Ball 3-2: Foul Ball, location: 2F 3-2: SOLO HOME RUN (Flyball, 78XD, EV 97.5 MPH), Distance : 395 ft
|
Bottom of the 10th over - 1 run, 1 hit, 0 errors, 0 left on base; Beaumont 2 - Northwest Territory 3 |
|